 Dungeon Sprint DCSS version 0.20-a0-223-g066d66b (webtiles) character file.

4806 Dfrag the Fighter (level 10, -17/73 HPs)
             Began as a Gargoyle Berserker on Nov 30, 2016.
             Was an Initiate of Gozag.
             Demolished by an ogre
             ... wielding a +0 giant club
             ... created by the rage of Trog
              (21 damage)
             ... in the Dungeon (Sprint IX: "|||||||||||||||||||||||||||||").
             The game lasted 00:03:06 (1359 turns).

Dfrag the Fighter (Gargoyle Berserker)              Turns: 1359, Time: 00:03:06

Health: -17/73     AC: 31    Str: 25    XL:     10   Next: 48%
Magic:  10/10      EV: 16    Int:  7    God:    Gozag
Gold:   1026       SH:  0    Dex: 12    Spells: 9/9 levels left

rFire  + . .     SeeInvis .     o - +2 dire flail (protect)
rCold  . . .     Gourm    .     r - +1 chain mail
rNeg   + + .     Faith    .     (shield currently unavailable)
rPois  ∞         Spirit   .     q - +0 helmet
rElec  +         Reflect  .     (no cloak)
rCorr  .         Harm     .     (no gloves)
MR     .....     NoTele   +     p - +0 pair of boots
Stlth  ..........               (no amulet)
                                u - ring of Xuturekynt {rF+ rN+ EV+2}
                                s - +3 ring of strength

@: exhausted, protection aura, slowed, very slow
A: negative energy resistance 1, electricity resistance, unbreathing,
petrification resistance, rot immunity, AC +7
a: Potion Petition, Call Merchant, Bribe Branch, Renounce Religion


You were in the Dungeon.
You worshipped Gozag.
Gozag was most pleased with you.
You were not hungry.

You visited 1 branch You collected 2414 gold pieces.
You paid 1388 gold pieces to Gozag.

Inventory:

Hand Weapons
 a - a +0 mace
 o - a +2 dire flail of protection (weapon)
Armour
 b - a +0 animal skin
 p - a +0 pair of boots (worn)
 q - a +0 helmet (worn)
 r - a +1 chain mail (worn)
Jewellery
 s - a +3 ring of strength (left hand)
 t - a +3 ring of strength
 u - the ring of Xuturekynt (right hand) {rF+ rN+ EV+2}
   (You found it in the Dungeon)

   [ring of evasion]

   It affects your evasion (+2).
   It protects you from fire.
   It protects you from negative energy.
Wands
 n - a wand of acid (7/15)
Scrolls
 i - 2 scrolls of blinking
 l - 3 scrolls of remove curse
 m - 2 scrolls of amnesia
 v - a scroll of identify
 w - 4 scrolls of enchant weapon
 x - 2 scrolls of recharging
Potions
 d - 5 potions of curing
 e - a potion of invisibility
 f - 2 potions of haste
 g - 4 potions of magic
 h - a potion of berserk rage
 j - 2 potions of agility
 k - 6 potions of heal wounds


   Skills:
 + Level 13.4 Fighting
 + Level 12.5 Maces & Flails
 + Level 13.2 Armour
 + Level 10.5 Dodging


You had 9 spell levels left.
You didn't know any spells.

Dungeon Overview and Level Annotations

Branches:
Dungeon (1/1)

Altars:
Cheibriados
Dithmenos
Elyvilon
Fedhas
Gozag
Hepliaklqana
Kikubaaqudgha
Makhleb
Nemelex Xobeh
Okawaru
Qazlal
Ru
Sif Muna
Trog
Uskayaw
Vehumet
Xom
Yredelemnul
Zin
The Shining One
Beogh
Jiyva
Lugonu

Shops:
D =(


Innate Abilities, Weirdness & Mutations

You are resistant to torment.
Your stone body is resilient. (AC +7)
You are immune to poison.
You resist negative energy. (rN+)
You are resistant to electric shocks. (rElec)
You can survive without breathing.
You are immune to petrification.
You are immune to rotting.


Message History

You kill the polar bear!
That felt strangely unrewarding.
You hit the ogre but do no damage. The ogre completely misses you.
You puncture the ogre!
The ogre is heavily wounded.
The ogre hits you with a giant club!!
* * * LOW HITPOINT WARNING * * *
The ogre barely misses you.
You hit the ogre.
The ogre is heavily wounded.
The ogre closely misses you.
You hit the ogre.
The ogre is severely wounded.
The ogre hits you with a giant club!
* * * LOW HITPOINT WARNING * * *
Your chain mail prevents you from hitting the ogre.
The ogre is heavily wounded.
The ogre hits you with a giant club!!
You die...
Your body crumbles into a pile of gold.

$
▓.▓.▓_▓
$
▓.▓.▓_▓
$
▓.▓.▓_▓
$
▓.▓.▓_▓
$
▓∩▓.▓_▓
$
▓.▓.▓_▓
$
▓.▓.▓_▓
$
▓O▓.▓_▓
▓@▓.▓.▓
$
▓+▓.▓'▓
$ ▓.▓.▓
$ ▓.▓.▓
$ ▓.▓|▓
$ ▓.▓)▓
▓.▓.▓ $
▓.▓.▓
▓.▓.▓


You could see an ogre (berserk).

Vanquished Creatures
  3 black mambas (D)
  5 spiny frogs (D)
  A komodo dragon (D)
  A polar bear (D)
  A hornet (D)
  2 trolls (D)
  A two-headed ogre (D)
  A hippogriff (D)
  A shadow (D)
  An acid dragon (D)
  A water moccasin (D)
  A sky beast (D)
  3 black bears (D)
  A centaur (D)
  4 crocodiles (D)
  3 bullfrogs (D)
  A howler monkey (D)
  A crimson imp (D)
  2 jellies (D)
  An orc wizard (D)
  An iguana (D)
  A worker ant (D)
  An adder zombie (D)
  A hobgoblin (D)
  A quokka (D)
  2 kobolds (D)
  2 rats (D)
44 creatures vanquished.

Notes
Turn   | Place    | Note
-------+----------+-------------------------------------------
     0 | D        | Dfrag the Gargoyle Berserker began the quest for the Orb.
     0 | D        | Reached XP level 1. HP: 14/14 MP: 1/1
    15 | D        | Reached ** piety under Trog
   126 | D        | Noticed a sky beast
   126 | D        | Noticed a worker ant
   126 | D        | Noticed a centaur
   126 | D        | Noticed a jelly
   138 | D        | Killed a sky beast
   138 | D        | Reached skill level 5 in Fighting
   138 | D        | Reached skill level 5 in Maces & Flails
   138 | D        | Reached skill level 5 in Armour
   138 | D        | Reached XP level 2. HP: 20/22 MP: 2/2
   138 | D        | Reached XP level 3. HP: 25/27 MP: 3/3
   138 | D        | Reached XP level 4. HP: 30/32 MP: 4/4
   140 | D        | Reached *** piety under Trog
   140 | D        | Reached XP level 5. HP: 33/36 MP: 5/5
   158 | D        | Killed a centaur
   158 | D        | Reached skill level 5 in Dodging
   162 | D        | Reached XP level 6. HP: 15/44 MP: 6/6
   182 | D        | Found a roughly hewn altar of Beogh.
   182 | D        | Found a snail-covered altar of Cheibriados.
   182 | D        | Found a shadowy altar of Dithmenos.
   182 | D        | Found a white marble altar of Elyvilon.
   182 | D        | Found a blossoming altar of Fedhas.
   182 | D        | Found an opulent altar of Gozag.
   183 | D        | Found a hazy altar of Hepliaklqana.
   184 | D        | Found a viscous altar of Jiyva.
   185 | D        | Found an ancient bone altar of Kikubaaqudgha.
   186 | D        | Found a corrupted altar of Lugonu.
   187 | D        | Found a burning altar of Makhleb.
   188 | D        | Found a sparkling altar of Nemelex Xobeh.
   189 | D        | Found an iron altar of Okawaru.
   190 | D        | Found a stormy altar of Qazlal.
   191 | D        | Found a sacrificial altar of Ru.
   192 | D        | Found a deep blue altar of Sif Muna.
   193 | D        | Found a bloodstained altar of Trog.
   194 | D        | Found a hide-covered altar of Uskayaw.
   195 | D        | Found a radiant altar of Vehumet.
   196 | D        | Found a shimmering altar of Xom.
   197 | D        | Found a basalt altar of Yredelemnul.
   198 | D        | Found a glowing silver altar of Zin.
   199 | D        | Found a glowing golden altar of the Shining One.
   218 | D        | Fell from the grace of Trog
   218 | D        | Became a worshipper of Gozag Ym Sagoz the Greedy
   367 | D        | Noticed a troll
   384 | D        | Killed a troll
   384 | D        | Reached XP level 7. HP: 43/50 MP: 7/7
   404 | D        | Noticed a troll
   404 | D        | Noticed a shadow
   426 | D        | Killed a troll
   426 | D        | Reached skill level 10 in Fighting
   426 | D        | Reached XP level 8. HP: 31/57 MP: 8/8
   444 | D        | Killed a shadow
   444 | D        | Reached skill level 10 in Armour
   556 | D        | Paralysed by Trog for 6 turns
   806 | D        | Got the ring of Xuturekynt {rF+ rN+ EV+2}
   821 | D        | Noticed a spiny frog
   821 | D        | Noticed a spiny frog
   821 | D        | Noticed a spiny frog
   831 | D        | Noticed a spiny frog
   831 | D        | Killed a spiny frog
   831 | D        | Reached skill level 10 in Maces & Flails
   834 | D        | Noticed a black mamba
   837 | D        | Killed a spiny frog
   837 | D        | Reached XP level 9. HP: 54/64 MP: 9/9
   843 | D        | Killed a spiny frog
   864 | D        | Killed a spiny frog
   869 | D        | Killed a black mamba
  1026 | D        | Noticed a hornet
  1026 | D        | Noticed a black mamba
  1026 | D        | Noticed a spiny frog
  1026 | D        | Noticed a komodo dragon
  1031 | D        | Noticed a black mamba
  1048 | D        | Killed a hornet
  1048 | D        | Reached XP level 10. HP: 68/72 MP: 10/10
  1053 | D        | Killed a black mamba
  1053 | D        | Reached skill level 10 in Dodging
  1064 | D        | Killed a spiny frog
  1092 | D        | Killed a black mamba
  1359 | D        | Demolished by an ogre

Vault maps used:
D:        linesprint

Skill      XL: |  1  2  3  4  5  6  7  8  9 10 |
---------------+-------------------------------+-----
Fighting       | 5 6 7 8 10 11 12 13 | 13.4
Maces & Flails | 5 6 8 9 10 11 12 | 12.5
Armour         | 5 6 8 9 11 12 13 | 13.2
Dodging        | 3 4 5 6 7 8 9 10 | 10.5

Action                   |  1- 3 |  4- 6 |  7- 9 | 10-12 || total
-------------------------+-------+-------+-------+-------++-------
Melee: Mace              |    28 |    21 |       |       ||    49
       Dire flail        |       |    16 |   112 |    73 ||   201
Invok: Berserk           |     1 |       |       |       ||     1
       Trog's Hand       |       |     1 |       |       ||     1
       Call Merchant     |       |       |     1 |     1 ||     2
  Use: Potion            |       |     1 |       |       ||     1
 Stab: Distracted        |       |       |       |     3 ||     3
  Eat: Bread ration      |       |       |     1 |       ||     1
Armor: Animal skin       |    10 |    10 |       |       ||    20
       Chain mail        |       |    10 |    40 |    28 ||    78
Dodge: Dodged            |    11 |    32 |    65 |    52 ||   160
